 Dungeon Crawl Stone Soup version 0.30-a0-374-g95c0257040 (webtiles) character file.

Game seed: 11399153037246655359

534 bande the Covered (level 7, -5/44 HPs)
             Began as a Gargoyle Fighter on Nov 25, 2022.
             Slain by a gnoll
             ... wielding a +0 halberd of venom
             ... led by a gnoll bouda
              (8 damage)
             ... on level 5 of the Dungeon.
             The game lasted 00:05:55 (4072 turns).

bande the Covered (Gargoyle Fighter)                Turns: 4072, Time: 00:05:56

Health: -5/44      AC: 14    Str: 20    XL:     7   Next: 25%
Magic:  7/7        EV:  9    Int:  8    God:
Gold:   327        SH:  4    Dex: 11    Spells: 6/6 levels left

rFire   + . .      SeeInvis .    p - +2 war axe (venom)
rCold   + . .      Faith    .    c - +0 buckler
rNeg    + . .      Spirit   .    b - +0 scale mail
rPois   ∞          Reflect  .    (no helmet)
rElec   +          Harm     .    (no cloak)
rCorr   .          Rampage  .    w - +1 pair of gloves
Will    .....                    (no boots)
Stlth   ..........               (no amulet)
HPRegen 0.27/turn                i - ring of protection from cold
MPRegen 0.10/turn                o - ring of protection from fire

@: no status effects
A: sickness immunity, AC +4, negative energy resistance 1, electricity
resistance, torment resistance 1, petrification resistance
a: no special abilities


You were on level 5 of the Dungeon.
You visited 1 branch of the dungeon, and saw 5 of its levels.

You collected 327 gold pieces.

Inventory:

Hand Weapons
 a - a +0 war axe
 m - a +0 flail
 p - a +2 war axe of venom (weapon)
Missiles
 h - a throwing net (quivered)
Armour
 b - a +0 scale mail (worn)
 c - a +0 buckler (worn)
 w - a +1 pair of gloves (worn)
Jewellery
 i - a ring of protection from cold (left hand)
 o - a ring of protection from fire (right hand)
 s - a ring of ice
Wands
 g - a wand of flame (20)
 x - a wand of paralysis (9)
Scrolls
 n - a scroll of enchant armour
 q - a scroll of blinking
 y - a scroll of teleportation {unknown}
 z - a scroll of summoning {unknown}
Potions
 d - a potion of might
 e - 3 potions of curing
 f - 4 potions of heal wounds
 j - 3 potions of cancellation
 k - a potion of haste {unknown}
 l - 4 potions of lignification {unknown}
 r - a potion of mutation {unknown}
 t - 2 potions of flight {unknown}
 u - a potion of degeneration {unknown}
 v - a potion of brilliance {unknown}


   Skills:
 + Level 4.4 Fighting
 + Level 4.9 Axes
 + Level 5.0 Armour
 - Level 0.4 Stealth
 + Level 4.1 Shields
 * Level 1.4 Evocations


You had 6 spell levels left.
You didn't know any spells.
Your spell library contained the following spells:

 Spells                   Type           Power      Damage    Failure   Level
 Magic Dart               Conj           0%         1d3       83%         1
 Call Imp                 Summ           0%         N/A       93%         2
 Inner Flame              Hex/Fire       0%         N/A       99%         3
 Mephitic Cloud           Conj/Pois/Air  0%         N/A       99%         3
 Portal Projectile        Hex/Tloc       0%         N/A       99%         3
 Tukima's Dance           Hex            0%         N/A       99%         3
 Cause Fear               Hex            0%         N/A       100%        4
 Blade Hands              Tmut           0%         N/A       100%        5
 Discord                  Hex            0%         N/A       100%        8


Dungeon Overview and Level Annotations

Branches:
Dungeon (5/15)
 Temple: D:4-7

Altars:
Cheibriados
Hepliaklqana
Nemelex Xobeh
Yredelemnul


Innate Abilities, Weirdness & Mutations

You are immune to sickness and miasma.
Your stone body is resilient. (AC +4)
You are immune to poison.
You resist negative energy. (rN+)
You are resistant to electric shocks. (rElec)
You are resistant to unholy torment.
You are immune to petrification.


Message History

The gnoll bouda is moderately wounded.
The gnoll barely misses you.
The gnoll bouda hits you but does no damage.
You block the gnoll's attack.
You slash the gnoll bouda!
The gnoll bouda looks as sick as possible!
The gnoll bouda is almost dead.
Your attacks no longer feel as feeble.
You kill the gnoll bouda!
The gnoll hits you but does no damage.
You barely miss the gnoll.
The gnoll is almost dead.
You kill the gnoll!
The gnoll hits you but does no damage. You block the gnoll's attack.
Your Armour skill increases to level 5!
You slash the gnoll!
The gnoll is poisoned.
The gnoll is heavily wounded.
The gnoll barely misses you. The gnoll hits you with a +0 whip.
You slash the gnoll!
You kill the gnoll!
The gnoll hits you from afar with a +0 halberd of venom. x2
The gnoll completely misses you.
Items here: $ )))) [ †.
The gnoll hits you with a +0 halberd of venom.
* * * LOW HITPOINT WARNING * * *
The gnoll attacks as you move away!
The gnoll hits you with a +0 halberd of venom.
* * * LOW HITPOINT WARNING * * *
You block the gnoll's attack.
The gnoll hits you from afar with a +0 halberd of venom.
* * * LOW HITPOINT WARNING * * *
The gnoll barely misses you.
You barely miss the gnoll.
The gnoll is no longer moving quickly.
The gnoll completely misses you.
You barely miss the gnoll. The gnoll barely misses you.
You closely miss the gnoll.
The gnoll hits you with a +0 halberd of venom.
* * * LOW HITPOINT WARNING * * *
The gnoll hits you with a +0 halberd of venom!
You die...

#..#......##### *#..........## *
#..#........## ****
##.###........# ,,,***** #.##
##........ ,,,,,,,*##** ##.#
##....... ****,,,,...#######)##
##...... * ****,........#...##
##..... **#.......@g...##* ###...
####...........#* ####
***********####.........#* ****,
*,,,,,,,,,** *...$.......#***,,,,
,,,,,,,,,,,**#............,,,,,,,
,,,,,,,,,,,**.............,,,,,,*
,,,,,,,,,,,*..#..........,,,,****
,,,,,,,,,,,.###.........,,,***
,,,,,,,,,,,** #........,,,,***


You could see a gnoll.

Vanquished Creatures
  A scorpion (D:4)
  A necrophage (D:5)
  A gnoll bouda (D:5)
  3 hounds
  An iguana (D:4)
  Jessica (D:2)
  5 adders
  10 gnolls
  2 worms
  2 dart slugs (D:3)
  6 orcs (D:4)
  6 endoplasms
  3 giant cockroaches
  8 goblins
  11 hobgoblins
  7 jackals
  6 quokkas
  3 ball pythons
  A bat (D:2)
  3 frilled lizards
  5 kobolds
  13 rats
99 creatures vanquished.

Vanquished Creatures (others)
  4 plants (D:1)
4 creatures vanquished.

Grand Total: 103 creatures vanquished

Notes
Turn   | Place    | Note
-------+----------+-------------------------------------------
     0 | D:1      | bande the Gargoyle Fighter began the quest for the Orb.
     0 | D:1      | Reached XP level 1. HP: 14/14 MP: 1/1
    34 | D:1      | Reached XP level 2. HP: 14/19 MP: 2/2
   347 | D:1      | Found a faded altar of an unknown god.
   975 | D:1      | Reached XP level 3. HP: 21/23 MP: 3/3
  1177 | D:2      | Noticed Jessica
  1180 | D:2      | Killed Jessica
  1275 | D:2      | Reached XP level 4. HP: 28/28 MP: 4/4
  1859 | D:2      | Reached skill level 4 in Armour
  2034 | D:3      | Reached XP level 5. HP: 29/33 MP: 5/5
  2598 | D:3      | Found a snail-covered altar of Cheibriados.
  2854 | D:3      | Found a hazy altar of Hepliaklqana.
  3016 | D:4      | Reached XP level 6. HP: 17/38 MP: 6/6
  3796 | D:5      | Entered Level 5 of the Dungeon
  3906 | D:5      | Reached skill level 1 in Evocations
  3906 | D:5      | Reached XP level 7. HP: 43/43 MP: 7/7
  3946 | D:5      | Found a basalt altar of Yredelemnul.
  3974 | D:5      | Found a sparkling altar of Nemelex Xobeh.
  4062 | D:5      | Reached skill level 5 in Armour
  4072 | D:5      | Slain by a gnoll

Illustrated notes

Levels and vault maps discovered:
D:1:      dpeg_arrival_ratfight, layout_loops_corners,
          shapermc_ecumenical_altar_mp_ritualfount, minmay_tromino_v7
D:2:      minmay_chambers_of_twos, layout_basic, uniq_jessica
D:3:      layout_rooms, mainiacjoe_overflow_alcove_1, kennysheep_slug_shrine,
          hangedman_decor_growths
D:4:      layout_gridville
D:5:      layout_cave_pods, mainiacjoe_overflow_concentric_impassable,
          mainiacjoe_overflow_two_lobes, uniq_prince_ribbit1

Skill      XL: |  1  2  3  4  5  6  7 |
---------------+----------------------+-----
Axes           | 2 3 4 |  4.9
Armour         | 4 5 |  5.0
Fighting       | 4 |  4.4
Shields        | 4 |  4.1
Evocations     | 1 |  1.4
Stealth        | |  0.4

Action                   |  1- 3 |  4- 6 |  7- 9 || total
-------------------------+-------+-------+-------++-------
Melee: War axe           |    79 |   212 |    17 ||   308
  Use: Scroll            |       |    10 |       ||    10
Armor: Scale mail        |    24 |   127 |     4 ||   155
Dodge: Dodged            |    43 |   111 |    17 ||   171
Block: Buckler           |    18 |    47 |     6 ||    71

Table legend: (Time is in decaauts)
 A = Elapsed time spent in this place.
 B = Non-inter-level travel time spent in this place.
 C = Inter-level travel time spent in this place.
 D = Time resting spent in this place.
 E = Time spent auto-exploring this place.
 F = Levels seen in this place.
 G = Mean time per level.
                   A        B        C        D        E       F      G
               +--------+--------+--------+--------+--------+-----+--------+
         Total |   4189 |   4169 |     20 |    409 |   2880 |   5 |  837.8 |
       Dungeon |   4189 |   4169 |     20 |    409 |   2880 |   5 |  837.8 |
               +--------+--------+--------+--------+--------+-----+--------+

Top non-repeatable levels by time:
     D:2: 1269 daAuts
     D:1: 1078 daAuts
     D:4: 916 daAuts
     D:3: 639 daAuts
     D:5: 286 daAuts
